 Dungeon Crawl Stone Soup version 0.18-a0-1121-gb454403 (webtiles) character file.

48 ThermosAquaticus the Ruffian (level 3, -3/36 HPs)
             Began as a Troll Abyssal Knight on Jan 18, 2016.
             Slain by a small abomination (13 damage)
             ... created by the touch of Lugonu
             ... on level 3 of the Dungeon.
             The game lasted 00:04:48 (926 turns).

ThermosAquaticus the Ruffian (Troll Abyssal Knight)  Turns: 926, Time: 00:04:48

Health: -3/36      AC:  5    Str: 20      XL:     3   Next: 50%
Magic:  3/3        EV:  9    Int:  9      God:
Gold:   91         SH:  0    Dex:  8 (9)  Spells: 0 memorised, 2 levels left

rFire  . . .     SeeInvis .       - Unarmed
rCold  . . .     Gourm    +     a - +0 robe
rNeg   . . .     Faith    .     (no shield)
rPois  .         Spirit   .     (helmet restricted)
rElec  .         Dismiss  .     (no cloak)
rCorr  .         Reflect  .     (gloves unavailable)
SustAt .         Harm     .     (boots unavailable)
MR     .....                    (no amulet)
Stlth  +.........               (no ring)
                                (no ring)

@: not resistant to hostile enchantments, very unstealthy
A: unfitting armour, claws 3, deterioration 1, fast metabolism 3, gourmand,
regeneration 2, screaming 1, shaggy fur 1, tough skin 2
a: no special abilities


You were on level 3 of the Dungeon.
You were completely stuffed.

You visited 1 branch of the dungeon, and saw 3 of its levels.
You visited the Abyss 1 time.

You collected 91 gold pieces.

Inventory:

Armour
 a - a +0 robe (worn)
Wands
 n - a wand of enslavement (9/24)
Scrolls
 c - a scroll of fear {unknown}
 d - 4 scrolls of remove curse {unknown}
 h - 2 scrolls of teleportation {unknown}
 k - a scroll of magic mapping {unknown}
Potions
 e - 2 potions of resistance {unknown}
 f - 2 potions of haste {unknown}
 g - 4 potions of ambrosia {unknown}
 l - a potion of magic {unknown}
 m - a potion of flight {unknown}
Books
 j - a book of Callings

   Spells                             Type                      Level
   a - Summon Small Mammal            Summoning                    1
   b - Call Imp                       Summoning                    2
   c - Call Canine Familiar           Summoning                    3
   d - Summon Guardian Golem          Hexes/Summoning              3
   e - Summon Lightning Spire         Summoning/Air                4
   f - Summon Ice Beast               Ice/Summoning                4
Comestibles
 b - 3 bread rations
 i - 3 fruits
 o - a chunk of flesh


   Skills:
 - Level 2.4 Fighting
 - Level 1.9 Dodging
 + Level 3.9 Unarmed Combat
   Level 1.5 Invocations


You had 2 spell levels left.
You didn't know any spells.

Dungeon Overview and Level Annotations

Branches:
Dungeon (3/15)

Altars:


Innate Abilities, Weirdness & Mutations

You are too large for most types of armour.
You have claws for hands.
Your metabolism is lightning-fast.
You like to eat raw meat.
You heal very quickly.
You are covered in fur (AC +1).
You have very tough skin (AC +2).
Your body sometimes deteriorates upon taking damage.
You occasionally shout uncontrollably at your foes.


Message History

Things that are here:
a short sword; a leather armour; an orc corpse You butcher the orc corpse.
o - 3 chunks of flesh
Things that are here:
a short sword; a leather armour You start resting.
Eating one of 3 chunks of flesh.
This raw flesh tastes great.
You continue eating. x2
Eating one of 2 chunks of flesh.
This raw flesh tastes great.
You continue eating. x2
Lugonu's wrath finds you!
You are caught in a strong localised spatial distortion.
Ouch! That really hurt!
* * * LOW HITPOINT WARNING * * *
Lugonu sends minions to punish you.
A small abomination comes into view.
You see here 13 gold pieces.
The small abomination hits you!
You die...

#. ##.########
#.##..........
####.....$.#
.........#.#
....###)##.#
#.####(##.#
#....)....#
#.......x.#
#........@#
#..###((..# ##.
#....####.
#.###.........
#........####.#
###.<##.......#
#..##...#####
.........#
...#####...#


You could see a small abomination.

Vanquished Creatures
  An adder (D:2)
  A worm (D:2)
  A giant gecko (D:3)
  An orc (D:3)
  A giant cockroach (D:1)
  2 goblins (D:1)
  5 hobgoblins
  2 quokkas
  3 ball pythons (D:1)
  4 bats (D:1)
  3 giant newts
  5 kobolds
  4 rats
33 creatures vanquished.

Notes
Turn   | Place    | Note
--------------------------------------------------------------
     0 | Abyss:1  | ThermosAquaticus the Troll Abyssal Knight began the quest for the Orb.
     0 | Abyss:1  | Reached XP level 1. HP: 22/22 MP: 1/1
    38 | Abyss:1  | Found a basalt altar of Yredelemnul.
    39 | Abyss:1  | Noticed a large abomination
    40 | D:1      | Escaped the Abyss
    41 | D:1      | Fell from the grace of Lugonu
   183 | D:1      | Reached XP level 2. HP: 27/29 MP: 2/2
   304 | D:1      | Reached skill level 3 in Unarmed Combat
   440 | D:1      | Noticed a small abomination
   480 | D:2      | Gained mutation: You occasionally shout uncontrollably at your foes. [mutagenic glow]
   483 | D:2      | Reached XP level 3. HP: 29/36 MP: 3/3
   526 | D:2      | Gained mutation: Your body sometimes deteriorates upon taking damage. [mutagenic glow]
   656 | D:1      | Noticed a small abomination
   866 | D:2      | Noticed a small abomination
   919 | D:3      | Noticed a small abomination
   926 | D:3      | Slain by a small abomination

Vault maps used:
D:1:      minmay_arrival_nine_rooms
D:2:      nicolae_overflow_hidden_temple, first_bread
D:3:      lemuel_zombie_altar_yredelemnul, uniq_grinder, uniq_natasha

Action                   || total
-------------------------++-------
Melee: Unarmed           ||    79
Invok: Depart the Abyss  ||     1
       Renounce Religion ||     1
  Eat: Chunk             ||    14
